 Dungeon Crawl Stone Soup version 0.31.0-1-g2c135a0 (webtiles) character file.

Game seed: 13305577915810182218

16714 edsrzf the Fighter (level 12, -6/136 HPs)
             Began as an Oni Brigand on Jan 30, 2024.
             Was an Elder of Cheibriados.
             Mangled by a boulder beetle (21 damage)
             ... on level 13 of the Dungeon.
             The game lasted 00:38:29 (16241 turns).

edsrzf the Fighter (Oni Brigand)                   Turns: 16241, Time: 00:38:29

Health: -6/136     AC: 18    Str: 30    XL:     12   Next: 40%
Magic:  12/12      EV:  7    Int: 24    God:    Cheibriados [****..]
Gold:   598        SH:  5    Dex: 20    Spells: 11/11 levels left

rFire   . . .        a - +2 dagger (venom)
rCold   . . .        (no shield)
rNeg    . . .        G - +0 shadow dragon scales
rPois   +            (helmet restricted)
rElec   .            c - +0 cloak
rCorr   .            (gloves unavailable)
SInv    .            (boots unavailable)
Will    +....        w - amulet of reflection
Stlth   ++++         A - ring of poison resistance
HPRegen 0.42/turn    (no ring)
MPRegen 0.13/turn

%: reflection
@: slowed, very slow
A: large, unfitting armour, horns 1, tough skin 1, double potion healing,
drunken brawling
a: Renounce Religion, Bend Time, Temporal Distortion, Slouch


You were on level 13 of the Dungeon.
You worshipped Cheibriados.
Cheibriados was greatly pleased with you.
You visited 2 branches of the dungeon, and saw 14 of its levels.
You also visited: Ossuary.

You collected 786 gold pieces.
You spent 188 gold pieces at shops.

Inventory:

Hand Weapons
 a - a +2 dagger of venom (weapon)
 b - a +2 dire flail
 K - a +0 giant spiked club
Missiles
 d - 40 poisoned darts (quivered)
 e - 7 curare-tipped darts
 g - 119 stones
 F - 2 javelins
 O - 9 large rocks
Armour
 c - a +0 cloak (worn)
 G - +0 shadow dragon scales (worn)
Jewellery
 w - an amulet of reflection (around neck)
 z - an amulet of magic regeneration
 A - a ring of poison resistance (left hand)
 M - an amulet of regeneration
 Q - an amulet of the acrobat
 S - a ring of ice
Talismans
 D - a maw talisman
Wands
 r - a wand of charming (9)
 I - a wand of iceblast (13)
 J - a wand of polymorph (7)
 R - a wand of flame (8)
Scrolls
 f - 7 scrolls of teleportation {@r3}
 h - 2 scrolls of revelation {unknown}
 j - a scroll of fear {unknown}
 l - 2 scrolls of immolation
 n - 2 scrolls of identify {@r1}
 o - 2 scrolls of amnesia
 q - a scroll of silence {unknown}
 u - 2 scrolls of enchant armour
 v - a scroll of enchant weapon
 y - 2 scrolls of poison
 C - 3 scrolls of vulnerability {unknown}
 H - a scroll of fog
Potions
 i - 3 potions of haste
 k - 4 potions of lignification
 m - 3 potions of curing
 p - 6 potions of mutation {!q}
 t - a potion of invisibility
 x - 4 potions of attraction
 B - 2 potions of cancellation
 E - 4 potions of might
Miscellaneous
 N - a sack of spiders


   Skills:
 - Level 13.0 Fighting
 - Level 1.7 Short Blades
 + Level 10.3 Maces & Flails
 - Level 10.0 Throwing
 + Level 9.5 Armour
 - Level 0.8 Dodging
 - Level 2.9 Stealth


You had 11 spell levels left.
You didn't know any spells.
Your spell library contained the following spells:

 Spells                   Type           Power      Damage    Failure   Level
 Shock                    Conj/Air       0%         1d3       50%         1
 Blink                    Tloc           0%         N/A       65%         2
 Lesser Beckoning         Tloc           0%         N/A       65%         2
 Momentum Strike          Conj/Tloc      0%         3d8       65%         2
 Gell's Gravitas          Tloc           0%         N/A       86%         3
 Swiftness                Air            0%         N/A       86%         3
 Teleport Other           Tloc           0%         N/A       86%         3
 Volatile Blastmotes      Fire/Tloc      0%         2d10      86%         3
 Airstrike                Air            0%         2d(0-16)  99%         4
 Fulminant Prism          Conj/Alch      0%         3d5       99%         4
 Iskenderun's Mystic Bla  Conj/Tloc      0%         2d3       99%         4
 Dispersal                Tloc           0%         N/A       100%        6


Dungeon Overview and Level Annotations

Branches:
Dungeon (13/15)            Temple (1/1) D:6            Lair (0/5) D:8
Ossuary (visited)
    Orc: D:9-12      Vaults: D:13-14

Altars:
Ashenzari
Cheibriados
Dithmenos
Elyvilon
Fedhas
Gozag
Hepliaklqana
Kikubaaqudgha
Makhleb
Nemelex Xobeh
Okawaru
Qazlal
Ru
Sif Muna
Trog
Uskayaw
Vehumet
Wu Jian
Xom
Yredelemnul
Zin
The Shining One

Shops:
D:4 [?*(   D:5 (   D:6 =   D:9 [

Annotations:
D:5 exclusion: shadow
D:6 1 exclusion
D:8 3 runed translucent doors, Agrajag's ghost, novice DjCK
D:11 2 transporters, Ofeo's ghost, journeyman DDFi
Temple 2 transporters


Innate Abilities, Weirdness & Mutations

You are too large for most types of armour.
You have a pair of small horns on your head.
You have tough skin. (AC +1)
You gain doubled healing and magic from potions.
Whenever you drink a healing potion, you attack all around you.


Message History

You puncture the wraith! Your headbutt misses the wraith.
The wraith is heavily damaged.
The spriggan changes into a yak!
The wraith hits you. The wraith drains your vigour!
You feel as though you will be slow longer.
You hit the wraith. You headbutt the wraith.
The wraith is heavily damaged.
You block the wraith's attack.
You puncture the wraith!
You destroy the wraith!
Cheibriados appreciates the change of pace.
You hit the yak. You headbutt the yak, but do no damage.
The yak is lightly wounded.
The yak gores you.
Your +2 dagger of venom begins to drip with poison!
a - a +2 dagger of venom (weapon)
The yak gores you but does no damage.
The boulder beetle leaps!
You hit the yak.
The yak is poisoned.
You headbutt the yak.
The yak is moderately wounded.
The yak gores you but does no damage.
You hit the yak but do no damage. You headbutt the yak!
The yak is severely wounded.
You block the yak's attack. The yak gores you but does no damage.
You hit the yak. You headbutt the yak.
You kill the yak!
Cheibriados appreciates the change of pace.
Your +2 dagger of venom stops dripping with poison.
b - a +2 dire flail (weapon)
The wraith hits you but does no damage.
You hit the wraith. You headbutt the wraith.
The wraith is moderately damaged.
The wraith hits you but does no damage.
You closely miss the wraith.
The wraith is moderately damaged.
The wraith hits you.
You barely miss the wraith.
The wraith is moderately damaged.
The wraith hits you! The wraith drains your vigour!
You feel as though you will be slow longer.
You closely miss the wraith.
You headbutt the wraith, but do no damage.
The wraith is moderately damaged.
The wraith hits you but does no damage. The wraith hits you!
You barely miss the wraith. You headbutt the wraith.
The wraith is moderately damaged.
The wraith barely misses you.
You puncture the wraith! You headbutt the wraith.
The wraith is heavily damaged.
The wraith hits you but does no damage.
You closely miss the wraith. You headbutt the wraith.
The wraith is severely damaged.
You block the wraith's attack.
You sock the wraith!
You destroy the wraith!
Cheibriados appreciates the change of pace.
Cheibriados raises the support of your attributes as your movement slows.
You hit the wraith.
The wraith is lightly damaged.
The wraith hits you. The wraith hits you but does no damage.
You thump the wraith! Your headbutt misses the wraith.
The wraith is heavily damaged.
The wraith hits you! The wraith drains your vigour!
You feel as though you will be slow longer.
You hit the wraith.
The wraith is heavily damaged.
The wraith hits you.
You bludgeon the wraith!!
You destroy the wraith!
Cheibriados appreciates the change of pace.
You hit the boulder beetle but do no damage.
You headbutt the boulder beetle, but do no damage.
The boulder beetle bites you!
* * * LOW HITPOINT WARNING * * *
Okay, then.
Aiming: Corrosive Bolt
Press: ? - help, Shift-Dir - straight line, f - boulder beetle
Aim: a boulder beetle (100% to hit)
The bolt of acid hits the boulder beetle!
The boulder beetle is lightly wounded.
The bolt of acid misses the wraith.
The now-empty wand crumbles to dust.
The boulder beetle closely misses you.
The boulder beetle bites you but does no damage.
You hit the boulder beetle but do no damage.
You headbutt the boulder beetle, but do no damage.
The boulder beetle is lightly wounded.
The boulder beetle bites you.
* * * LOW HITPOINT WARNING * * *
Your +2 dagger of venom begins to drip with poison!
a - a +2 dagger of venom (weapon)
The boulder beetle bites you!
* * * LOW HITPOINT WARNING * * *
Okay, then.
Okay, then.
Blink to where?
Press: ? - help, Dir - move target, p - boulder beetle
As you read the scroll of blinking, it crumbles to dust.
The boulder beetle curls into a ball and begins rolling!
There is an escape hatch in the ceiling here.
The boulder beetle hits you!!
You die...

..≈.$§....# #
.≈8≈......#.#
.§≈.#.....#.#
§......W....# #.....#
.# #.....######## .#
#.....WB.).○.# .#
#...########B##.#
#..........@..#.#
#.^.########..#.##
#...# #.....##
#...########......####
#...[.................
##......####......####
#.##.....#......##
#.##.#.#.#...#.##
#............###


You could see a boulder beetle (rolling).

Vanquished Creatures
  A hydra (D:9)
  A centaur warrior (D:8)
  3 two-headed ogres
  A boulder beetle (D:9)
  A tengu warrior (D:13)
  Pikel (D:7)
  2 manticores (D:9)
  3 cyclopes (D:11)
  Maurice (D:7)
  3 gargoyles
  An unseen horror (D:12)
  2 kobold demonologists (D:9)
  3 trolls
  4 hornets
  Grinder (D:3)
  Prince Ribbit (D:5)
  4 wraiths
  7 yaks (D:9)
  A yak (shapeshifter) (D:13)
  3 wyverns
  A steam dragon (D:9)
  Menkaure (D:6)
  2 water moccasins
  An ice beast (D:7)
  4 orc warriors
  A black bear (D:4)
  2 wolves (D:8)
  A boggart (D:9)
  4 centaurs
  2 phantoms (D:7)
  4 kobold brigands
  6 bullfrogs
  2 scorpions
  6 wights
  2 bombardier beetles (D:7)
  4 howler monkeys
  2 bullfrog zombies (Ossuary)
  A jelly (D:8)
  3 hounds
  A gnoll bouda (D:9)
  3 iguanas
  4 orc priests
  2 sleepcaps
  7 orc wizards
  2 killer bee zombies (Ossuary)
  2 crocodile zombies (Ossuary)
  A hound zombie (Ossuary)
  11 mummies
  5 gnolls (D:9)
  7 adders
  2 shadow imps
  A white imp (D:4)
  4 dart slugs
  2 ribbon worms (D:4)
  19 orcs
  11 endoplasms
  2 giant cockroaches
  11 goblins
  14 hobgoblins
  4 jackals (D:1)
  22 kobolds
  5 quokkas
  4 ball pythons
  3 ball python zombies (Ossuary)
  6 bats
  2 frilled lizards (D:2)
  A hobgoblin zombie (D:6)
  A kobold zombie (D:6)
  29 rats
281 creatures vanquished.

Notes
Turn   | Place    | Note
-------+----------+-------------------------------------------
     0 | D:1      | edsrzf the Oni Brigand began the quest for the Orb.
     0 | D:1      | Reached XP level 1. HP: 22/22 MP: 1/1
    59 | D:1      | Reached skill level 3 in Fighting
    73 | D:1      | Reached XP level 2. HP: 7/31 MP: 2/2
   426 | D:1      | Reached XP level 3. HP: 27/39 MP: 3/3
   628 | D:2      | Found a radiant altar of Vehumet.
   648 | D:2      | Reached skill level 4 in Fighting
   648 | D:2      | Reached skill level 3 in Throwing
  1431 | D:2      | Reached XP level 4. HP: 49/49 MP: 4/4
  1637 | D:3      | Found an opulent altar of Gozag.
  2502 | D:3      | Reached skill level 5 in Fighting
  2634 | D:4      | Found Ziriwn's Assorted Antiques.
  2642 | D:4      | Bought a scroll labelled BUCONO YKHLAOJ for 35 gold pieces
  2642 | D:4      | Bought a scroll labelled RALABU ROMALO for 35 gold pieces
  2642 | D:4      | Bought a scroll labelled HYICWEI LEAS for 35 gold pieces
  2642 | D:4      | Bought a scroll labelled VYIWE ONOOSY for 35 gold pieces
  2646 | D:4      | Noticed Grinder
  2656 | D:4      | Reached XP level 5. HP: 57/57 MP: 5/5
  2678 | D:3      | Identified 6 potions of curing
  2679 | D:3      | Identified 2 potions of lignification
  2687 | D:3      | Killed Grinder
  2688 | D:3      | Reached skill level 6 in Fighting
  2688 | D:3      | Reached skill level 4 in Throwing
  2688 | D:3      | Reached XP level 6. HP: 43/68 MP: 6/6
  2899 | D:4      | Found Bavus's Antique Armour Shop.
  2912 | D:4      | Found a blossoming altar of Fedhas.
  3028 | D:4      | Found Kemum's Magic Scroll Boutique.
  3029 | D:4      | Identified 3 scrolls of teleportation
  3030 | D:4      | Identified 4 scrolls of identify
  3030 | D:4      | Identified a potion of haste
  3031 | D:4      | Identified 2 potions of mutation
  3032 | D:4      | Identified a potion of invisibility
  3033 | D:4      | Identified a potion of heal wounds
  3071 | D:4      | Bought a scroll of noise for 12 gold pieces
  3365 | D:4      | Reached skill level 5 in Throwing
  3686 | D:4      | Noticed a black bear
  3705 | D:4      | Killed a black bear
  3706 | D:4      | Reached skill level 7 in Fighting
  3706 | D:4      | Reached XP level 7. HP: 24/78 MP: 7/7
  4125 | D:4      | Found Cyf Erug's Weapon Boutique.
  4133 | D:4      | Bought 3 curare-tipped darts for 36 gold pieces
  4326 | D:5      | Entered Level 5 of the Dungeon
  4781 | D:5      | Noticed a shadow
  4869 | D:5      | Reached skill level 8 in Fighting
  4869 | D:5      | Reached skill level 6 in Throwing
  5036 | D:5      | Noticed Prince Ribbit
  5048 | D:5      | Found Cefru's Weapon Emporium.
  5108 | D:5      | Found a shimmering blue altar of Sif Muna.
  5363 | D:5      | Killed Prince Ribbit
  5364 | D:5      | Reached XP level 8. HP: 47/91 MP: 8/8
  5566 | D:6      | Noticed Menkaure
  5625 | D:6      | Identified a potion of cancellation
  5626 | D:6      | Identified 3 scrolls of amnesia
  5627 | D:6      | Identified 2 scrolls of immolation
  5709 | D:6      | Reached skill level 9 in Fighting
  5777 | D:6      | Found a staircase to the Ecumenical Temple.
  5818 | D:6      | Killed Menkaure
  5819 | D:6      | Reached skill level 7 in Throwing
  5883 | D:6      | Found a sand-covered staircase.
  5897 | Ossuary  | Entered an ossuary
  6111 | Ossuary  | Reached skill level 10 in Fighting
  6298 | Ossuary  | Reached skill level 8 in Throwing
  6432 | Ossuary  | Identified 2 potions of attraction
  6531 | Ossuary  | Reached XP level 9. HP: 89/102 MP: 9/9
  7007 | D:6      | Reached skill level 11 in Fighting
  7017 | Temple   | Found a transporter.
  7017 | Temple   | Found a transporter.
  7017 | Temple   | Found a transporter.
  7017 | Temple   | Found a transporter.
  7017 | Temple   | Entered the Ecumenical Temple
  7034 | Temple   | Became a worshipper of Cheibriados the Contemplative
  7539 | D:6      | Found Syosch's Jewellery Boutique.
  7746 | D:6      | Noticed a troll
  7767 | D:6      | Killed a troll
  7768 | D:6      | Reached skill level 9 in Throwing
  8420 | D:7      | Noticed Pikel
  8451 | D:7      | Killed Pikel
  8452 | D:7      | Reached skill level 12 in Fighting
  8943 | D:7      | Reached * piety under Cheibriados
  9079 | D:7      | Reached skill level 10 in Throwing
  9079 | D:7      | Reached XP level 10. HP: 103/115 MP: 10/10
  9128 | D:7      | Reached skill level 13 in Fighting
  9128 | D:7      | Reached skill level 1 in Armour
  9362 | D:7      | Reached skill level 1 in Maces & Flails
  9764 | D:7      | Identified 2 potions of might
  9821 | D:7      | Noticed Maurice
  9827 | D:7      | Maurice stole a maw talisman
  9829 | D:7      | Maurice stole a throwing net {=f}
  9830 | D:7      | Maurice stole a +2 dagger of venom
  9847 | D:7      | Killed Maurice
  9848 | D:7      | Reached skill level 2 in Maces & Flails
  9848 | D:7      | Reached skill level 2 in Armour
 10128 | D:8      | Reached skill level 3 in Armour
 10134 | D:8      | Reached skill level 3 in Maces & Flails
 10166 | D:8      | Reached ** piety under Cheibriados
 10169 | D:8      | Noticed a centaur warrior
 10191 | D:8      | Killed a centaur warrior
 10192 | D:8      | Reached skill level 4 in Maces & Flails
 10192 | D:8      | Reached skill level 4 in Armour
 10711 | D:8      | Found a runed translucent gate.
 10713 | D:8      | Found a runed translucent gate.
 10714 | D:8      | Found a runed translucent gate.
 10715 | D:8      | Noticed a two-headed ogre
 10715 | D:8      | Noticed Agrajag's ghost (novice DjCK)
 10759 | D:8      | Found a staircase to the Lair.
 10780 | D:8      | Reached skill level 5 in Maces & Flails
 11049 | D:8      | Reached skill level 5 in Armour
 11134 | D:9      | Found a basalt altar of Yredelemnul.
 11135 | D:9      | Found a broken altar of Ashenzari.
 11207 | D:9      | Reached XP level 11. HP: 46/127 MP: 11/11
 11220 | D:9      | Reached skill level 6 in Maces & Flails
 11455 | D:9      | Noticed a two-headed ogre
 11465 | D:9      | Killed a two-headed ogre
 11465 | D:9      | Reached *** piety under Cheibriados
 11466 | D:9      | Reached skill level 6 in Armour
 11856 | D:9      | Found Laumes Ojozu's Armour Shoppe.
 12228 | D:9      | Reached skill level 7 in Maces & Flails
 12553 | D:9      | Found an ornate altar of the Wu Jian Council.
 12553 | D:9      | Noticed a manticore
 12568 | D:9      | Killed a manticore
 12569 | D:9      | Reached skill level 7 in Armour
 12825 | D:9      | Noticed a boulder beetle
 12842 | D:9      | Killed a boulder beetle
 12843 | D:9      | Reached skill level 8 in Maces & Flails
 12846 | D:9      | Identified the +10 war axe "Jemibb Ututz" {vamp, rF+++
                  | Will- Int+3 SInv}
 12905 | D:9      | Noticed a four-headed hydra
 12915 | D:9      | Killed a four-headed hydra
 12915 | D:9      | Reached **** piety under Cheibriados
 13066 | D:9      | Noticed a manticore
 13076 | D:9      | Killed a manticore
 13267 | D:9      | Reached skill level 8 in Armour
 13302 | D:9      | Found the +13 scythe of Curses {drain, curses, ^Drain}
 13315 | D:9      | Identified the +0 plate armour of Fyujeuv {-Tele rElec
                  | rN+++ Will-}
 13531 | D:9      | Identified a scroll of fog
 13533 | D:9      | Identified a scroll of poison
 13541 | D:9      | Found a glowing golden altar of the Shining One.
 13544 | D:9      | Identified a scroll of blinking
 13570 | D:10     | Entered Level 10 of the Dungeon
 13602 | D:10     | Noticed a two-headed ogre
 13613 | D:10     | Killed a two-headed ogre
 13867 | D:10     | Reached skill level 9 in Maces & Flails
 14207 | D:10     | Reached XP level 12. HP: 136/136 MP: 12/12
 14891 | D:11     | Found a transporter.
 14913 | D:11     | Identified the +5 scale mail of the Endless Expanse {Int+2
                  | Dex+3}
 14948 | D:11     | Noticed Ofeo's ghost (journeyman DDFi)
 14955 | D:11     | Found a transporter.
 15343 | D:11     | Reached skill level 9 in Armour
 15996 | D:12     | Noticed a two-headed ogre
 16004 | D:12     | Killed a two-headed ogre
 16107 | D:12     | Reached skill level 10 in Maces & Flails
 16152 | D:12     | You fall into a shaft and drop 1 floor!
 16184 | D:13     | Noticed a tengu warrior
 16198 | D:13     | Noticed a boulder beetle
 16210 | D:13     | Killed a tengu warrior
 16241 | D:13     | Mangled by a boulder beetle

Illustrated notes

Levels and vault maps discovered:
D:1:      wander_arrival_desolate, layout_rooms, grunt_decor_cap,
          nicolae_the_louvre
D:2:      layout_loops_corners, basic_altar
D:3:      cheibrodos_greedy_goblins, layout_basic, nicolae_gozag_seed_capital,
          hex_tiny, minmay_rat_hole
D:4:      minmay_bubble_buster, layout_basic, kennysheep_mini_moat,
          serial_shops, nicolae_shop_gibbet_a_chance, shop, shop, shop,
          minmay_door_square, kennysheep_generic_room_14, uniq_grinder
D:5:      layout_basic, kennysheep_mini, serial_shops,
          nicolae_shop_behind_doors, uniq_prince_ribbit1
D:6:      cheibrodos_two_vegetables, layout_rooms,
          minmay_temple_entry_overgrown, serial_shops, nicolae_take_the_stairs,
          nicolae_ossuary_entry_giza, uniq_menkaure
D:7:      layout_loops_ring, minmay_misc_feat_cross, minivault_19, minivault_25,
          uniq_maurice, uniq_pikel
D:8:      layout_basic, erik_lair_orcish_takeover, gammafunk_ghost_split,
          minmay_microvault
D:9:      minmay_the_grid_triangle_9x9_rhombus_thin
          [minmay_the_grid_triangle_9x9_sparse_checkered,
          minmay_the_grid_triangle_9x9_prize_center,
          minmay_the_grid_triangle_9x9_longest,
          minmay_the_grid_triangle_9x9_steps], layout_loops_corners,
          nicolae_overflow_crystal_walls, lemuel_coloured_pillars_altar,
          grunt_temple_overflow_open, serial_shops, nicolae_shop_waterfront,
          kennysheep_generic_room_8
D:10:     layout_long_grid
D:11:     layout_basic, gammafunk_ghost_stat_death
D:12:     layout_stronghold, orc_david_3, enter_trove_2, nicolae_danse_macabre
D:13:     layout_loops_ring, ebering_ghost_gozag, minmay_misc_feat_roman,
          kennysheep_doodads, uniq_josephine
Temple:   hellmonk_temple_divided_pantheon

Skill      XL: |  1  2  3  4  5  6  7  8  9 10 11 12 |
---------------+-------------------------------------+-----
Fighting       | 3 4 5 6 7 8 10 12 13 | 13.0
Throwing       | 3 4 5 6 8 10 | 10.0
Armour         | 5 8 9 |  9.5
Maces & Flails | 5 9 10 | 10.3
Short Blades   | |  1.7
Dodging        | |  0.8
Stealth        | |  2.9

Action                     |  1- 3 |  4- 6 |  7- 9 | 10-12 || total
---------------------------+-------+-------+-------+-------++-------
  Melee: Dagger            |   136 |   268 |   432 |   418 ||  1254
         Headbutt          |    15 |    39 |   107 |   166 ||   327
         Punch             |       |     3 |     8 |     8 ||    19
         Unarmed           |       |     6 |       |       ||     6
         Dire flail        |       |       |       |   153 ||   153
  Throw: Dart              |       |     2 |    18 |     8 ||    28
         Stone             |       |       |     9 |     2 ||    11
  Evoke: Wand              |       |       |    13 |     2 ||    15
    Use: Potion            |       |     3 |     4 |     2 ||     9
         Scroll            |       |     5 |     4 |     8 ||    17
   Stab: Sleeping          |     7 |     5 |     4 |     7 ||    23
         Distracted        |       |     1 |       |     2 ||     3
 Armour: Robe              |    81 |   139 |   258 |       ||   478
         Skin              |       |     6 |       |       ||     6
         Shadow dragon sca |       |       |     4 |   578 ||   582
  Dodge: Dodged            |    59 |   106 |   114 |   158 ||   437
  Block: Other             |       |    29 |    67 |   110 ||   206
         Reflection        |       |     1 |     1 |     4 ||     6
